AoeStats
← Lucho

Arabia

509967992Analyzed
1v1 RM · 4d ago on Sep 28, 2026· 49m 31s· 2 players
Game mode
Random Map
Map size
Tiny (2 player)
Population
200
Speed
Normal
Resources
Standard
Victory
Conquest
Starting age
Dark Age
Ending age
Imperial Age
RankedLock teamsTeams togetherTeam positionsShared explorationLock speedFull tech treeHidden civsTurbo modeCheats
Victory
Defeat
🇦🇷 Lithuanians · Argentina
1192
+14
🇩🇪 Armenians · Germany
1145
-14
Lucho
5:37 Loom
8:56 Feudal Age
10:14 Double-Bit Axe
16:07 Horse Collar
20:57 Castle Age
20:25 Fletching
22:05 Bodkin Arrow
22:45 Crossbowman
23:59 Husbandry
24:10 Bloodlines
24:14 Gold Mining
26:23 Bow Saw
28:04 Padded Archer Armor
31:50 Ballistics
33:51 Wheelbarrow
38:00 Thumb Ring
41:00 Imperial Age
41:44 Bracer
42:46 Chemistry
florianstallner
6:02 Loom
10:21 Feudal Age
10:57 Man-at-Arms
12:22 Pikeman
19:16 Arson
19:45 Long Swordsman
24:58 Castle Age
24:22 Forging
24:12 Scale Mail Armor
25:10 Double-Bit Axe
25:11 Horse Collar
26:41 Two-Handed Swordsman
48:26 Gambesons
Connection lost

Rejoining the realm…

Still unreachable

The connection could not be restored.

Session expired

The server has moved on; the page needs a fresh start.